Fleur, neutral female sylph Wizard --- ---- |.. -- |..-- --.. .| --...------ ---.... ---- ..-- |...^.....| |......--..--...| |...-----.----- |........@......| ---.--- --...|%| ---......f>...--- ---...-- ---......| --.(........-- --.*.-..--|........-- |...........| ---........||.........| - --...........-- |...|.^...-|---......-- |................-----.--|..|...| |..--..-- |..............)...|...| |..|--.---------..| ---..................--- |..--|...| |.-- ---........---...*.-- --...|--..-- --.| |........| |......| |....| |...| --..| ---.....-- -.....-- |..--- --.-- |...| -..... -...---- |..| --- |...| ...G.. .....| |.<| --..| --...........| |..| ---- --.-------.-- |..| -- --- ---- Fleur the Evoker Experience level: 2 Strength: 6 Dexterity: 12 Constitution: 14 Intelligence: 17 Wisdom: 20 Charisma: 8 Health: 19(19) Energy: 10(15) Def: 0 Gold: 193 Moves: 461 Dungeon seed: I8TWWsTXQZ2E8Ovi Game ID: Fleur_1484557546 Your Inventory: Coins $ - 193 gold pieces Weapons a - a blessed +1 quarterstaff (weapon in hands) Armor e - an uncursed +0 cloak of magic resistance (being worn) q - a cursed -2 pair of jumping boots (being worn) Comestibles h - an uncursed tripe ration i - 2 uncursed lichen corpses l - an uncursed figue o - an uncursed food ration Scrolls j - an uncursed scroll of identify k - an uncursed scroll of scare monster m - an uncursed scroll of magic mapping Spellbooks b - a blessed spellbook of force bolt c - an uncursed spellbook of detect monsters n - an uncursed spellbook of remove curse Potions f - an uncursed potion of gain energy g - an uncursed potion of healing Wands d - a wand of nothing (0:8) Gems r - an uncursed jasper y - 2 uncursed worthless pieces of orange glass Spells and supernatural/magical abilities: Name Level Category Fail Memory a - force bolt 1 attack 0% 98% n - detect monsters 1 divination 0% 98% r - remove curse 3 clerical 78% 99% W - pray for help -- divine ? -- Y - supernatural jump -- ability ? -- Your skills at the end: Miscellaneous Skills wands [Basic] Weapon Skills quarterstaff [Basic] Spellcasting Skills attack spells [Basic] enchantment spells [Basic] Final Attributes: You were devoutly aligned. You were magic-protected. You saw invisible. You were very stealthy. You could jump. You were protected from shape changers. You survived. Vanquished creatures: a dwarf a hobbit a yellow mold 6 gnomes 4 grid bugs 2 lichens 15 creatures vanquished. Voluntary challenges: You went without food. You did not adorn yourself with jewelry or accessories. You did not cause conflict. You were not invisible. You did not have reflection. You were not displaced. You used a wielded weapon 5 times, starting on turn 18. You did not apply a unicorn horn. You did not use plumbed fixtures. You did not drink any magical draughts. You read items or engraved 11 times, starting on turn 218. You never genocided any monsters. You never polymorphed an object. You never changed form. You used no wishes. You never split a pudding. You never wrote Elbereth's name. You never violated your personal moral code. Dungeon overview: The Dungeons of Doom: levels 1 to 3 Level 1 an altar to Ptah a long staircase Level 2 a general store Level 3 a fountain, a sink stairs to The Gnomish Mines The Gnomish Mines: levels 4 to 5 Level 4 <- You were here stairs to The Dungeons of Doom Level 5 History has recorded: On T:1 you entered the Dungeons of Doom to retrieve the Amulet of Yendor! On T:133 you reached level 2 of The Dungeons of Doom. On T:240 you reached level 3 of The Dungeons of Doom. On T:340 you reached level 1 of The Gnomish Mines. On T:440 you prayed to Thoth. On T:453 you advanced to experience level 2. On T:458 you reached level 2 of The Gnomish Mines. Score breakdown: Gold: 193 ( 19 points) Experience: 2 levels ( 100 points) Exploration: 5 levels ( 120 points) Discoveries: 7 items ( 350 points) Variety of kills: 6 monsters ( 300 points) Major goal: (nothing yet) ( 0 points) Survival: quit (score multiplied by 3) Total score: 2667 Latest messages: The gnome is hit by a rock! The spell hits the gnome! You kill the gnome! The gnomish wizard casts a spell! The gnomish wizard is suddenly moving faster. You don't have enough energy to cast that spell. The kitten bites the gnome. The gnome is killed! The kitten eats a gnome corpse. You begin praying to Thoth. You are surrounded by a shimmering light. You feel that Thoth is well-pleased. y - 2 orange gems. You kill the gnome! Welcome to experience level 2. You feel more confident in your skills. The kitten drops 4 darts. To quit the game, use the 'save' command (typically on 'S'). Final status: Goodbye Fleur the Wizard, committed trickery... You were tricked in The Gnomish Mines on dungeon level 4 with 2667 points, and 193 pieces of gold, after 461 moves. You were level 2 with a maximum of 19 hit points when you were tricked.